 Dungeon Crawl Stone Soup version 0.32-a0-913-g739538afd8 (webtiles) character file.

Game seed: 217233351952509658

57 horus123 the Trooper (level 3, 0/30 HPs)
             Began as a Demonspawn Gladiator on Apr 9, 2024.
             Killed from afar by an orc wizard (4 damage)
             ... with a puff of flame
             ... on level 3 of the Dungeon.
             The game lasted 00:03:11 (1988 turns).

horus123 the Trooper (Demonspawn Gladiator)         Turns: 1988, Time: 00:03:11

Health: 0/30       AC:  6    Str: 14    XL:     3   Next: 73%
Magic:  3/3        EV:  9    Int:  8    God:
Gold:   38         SH:  0    Dex: 16    Spells: 2/2 levels left

rFire   . . .        s - +1 great sword (protect)
rCold   . . .        (shield currently unavailable)
rNeg    . . .        r - +0 scale mail
rPois   .            (helmet restricted)
rElec   .            (no cloak)
rCorr   .            (no gloves)
SInv    .            (no boots)
Will    .....        (no amulet) Stlth
                     (no ring)
HPRegen 0.25/turn    (no ring)
MPRegen 0.16/turn

%: no passive effects
@: no status effects
A: antennae 1, magic regeneration
a: no special abilities


You were on level 3 of the Dungeon.
You visited 1 branch of the dungeon, and saw 3 of its levels.

You collected 215 gold pieces.
You spent 177 gold pieces at shops.

Inventory:

Hand Weapons
 a - a +0 long sword
 s - a +1 great sword of protection (weapon)
Missiles
 d - 3 throwing nets (quivered)
 e - a javelin
Armour
 b - a +0 leather armour
 k - a +0 ring mail
 r - a +0 scale mail (worn)
Scrolls
 f - 2 scrolls of fog {unknown}
 g - 4 scrolls of noise {unknown}
 i - a scroll of butterflies {unknown}
 m - 3 scrolls of identify {unknown}
 p - a scroll of enchant armour {unknown}
 q - a scroll of immolation {unknown}
Potions
 c - 2 potions of curing {unknown}
 h - 2 potions of mutation {unknown}
 j - 3 potions of might {unknown}
 l - a potion of degeneration {unknown}
 o - 2 potions of lignification {unknown}
 t - a potion of invisibility {unknown}


   Skills:
 + Level 4.1 Fighting
 - Level 2.6 Long Blades
 - Level 1.7 Throwing
 - Level 2.6 Dodging


You had 2 spell levels left.
You didn't know any spells.
Your spell library contained the following spells:

 Spells                   Type           Power      Damage    Failure   Level
 Ensorcelled Hibernation  Hex/Ice        0%         N/A       96%         2
 Fugue of the Fallen      Necr           0%         N/A       99%         3
 Ozocubu's Armour         Ice            0%         N/A       99%         3
 Passwall                 Erth           0%         N/A       99%         3
 Swiftness                Air            0%         N/A       99%         3
 Manifold Assault         Tloc           0%         N/A       100%        7


Dungeon Overview and Level Annotations

Branches:
Dungeon (3/15)

Altars:
Cheibriados
Dithmenos
Trog

Shops:
D:3 *


Innate Abilities, Weirdness & Mutations

You have a pair of small antennae on your head.
You regenerate magic rapidly.


Message History

The orc barely misses you. The orc hits you but does no damage.
Something hits you but does no damage.
You barely miss the orc. The orc closely misses you. Something hits you.
You barely miss the orc. The orc hits you but does no damage.
Something hits you. The orc misses you. Something hits you but does no damage.
You slash the orc!
Your weapon exudes an aura of protection.
You kill the orc!
Something hits you but does no damage.
You closely miss something.
You hear some strange, mumbled words.
A magic dart appears from out of thin air!
The magic dart hits you.
You hear some strange, mumbled words.
Something tries to affect you, but you resist.
You miss something. Something hits you but does no damage.
You hear some strange, mumbled words.
A puff of flame appears from out of thin air!
The puff of flame hits you!
You are too injured to fight recklessly!
You are too injured to fight recklessly!
You are too injured to fight recklessly!
You closely miss something.
You hear some strange, mumbled words.
A magic dart appears from out of thin air!
The magic dart hits you!
* * * LOW HITPOINT WARNING * * *
You closely miss something.
You hear some strange, mumbled words.
A magic dart appears from out of thin air!
The magic dart hits you.
* * * LOW HITPOINT WARNING * * *
Something hits you.
* * * LOW HITPOINT WARNING * * *
You miss something. Something hits you but does no damage.
You miss something. Something hits you but does no damage.
You hear some strange, mumbled words.
A puff of flame appears from out of thin air!
The puff of flame hits you.
You die...

#..........†....##..
#.####..#.#.##..##..
#.#.........##..##..
#.#.#.......##......
#.#.#..≈≈≈.§##......
#...[.≈≈≈≈≈.###..#..
###...≈≈_≈≈.........
#.).≈§.≈≈......#.#
#@#§≈≈.≈≈..##..#.#
#######{#.≈≈.≈≈.###..#..
#.....)o..§...≈§.....###
#######.#.≈.ߧ§.###.##..
#.#...§...# #.####
#.##..#### #.# #.# .##
#. ### #.. . ... #.. ..
###


You could see an orc.

Vanquished Creatures
  5 dart slugs
  3 orcs (D:3)
  3 ball pythons
  3 endoplasms (D:2)
  A giant cockroach (D:1)
  2 hobgoblins (D:3)
  6 jackals (D:1)
  A quokka (D:3)
  4 bats (D:2)
  3 frilled lizards
  7 goblins
  2 kobolds
  A rat (D:3)
41 creatures vanquished.

Notes
Turn   | Place    | Note
-------+----------+-------------------------------------------
     0 | D:1      | horus123 the Demonspawn Gladiator began the quest for the
                  | Orb.
     0 | D:1      | Reached XP level 1. HP: 16/16 MP: 1/1
    14 | D:1      | Noticed a minotaur
    18 | D:1      | Noticed a demonspawn
    18 | D:1      | Noticed a troll
   247 | D:1      | Gained mutation: You regenerate magic rapidly. [demonic
                  | ancestry]
   247 | D:1      | Reached XP level 2. HP: 19/23 MP: 2/2
   300 | D:1      | Reached skill level 3 in Fighting
   600 | D:2      | Found a faded altar of an unknown god.
   687 | D:2      | Found a shadowy altar of Dithmenos.
  1033 | D:2      | Gained mutation: You have a pair of small antennae on your
                  | head. [demonic ancestry]
  1033 | D:2      | Reached XP level 3. HP: 29/29 MP: 3/3
  1255 | D:3      | Found Xetususk's General Store.
  1550 | D:3      | Found a snail-covered altar of Cheibriados.
  1796 | D:3      | Found a bloodstained altar of Trog.
  1799 | D:3      | Reached skill level 4 in Fighting
  1864 | D:3      | Bought a +1 great sword of protection for 177 gold pieces
  1988 | D:3      | Killed from afar by an orc wizard

Illustrated notes

Levels and vault maps discovered:
D:1:      shiori_arrival_whats_in_store_for_you, layout_basic
D:2:      kennysheep_big_flooded_room, layout_basic, basic_altar,
          shapermc_ecumenical_altar_mp_highgroup
D:3:      layout_basic, kennysheep_slug_shrine, mainiacjoe_overflow_catwalk,
          serial_shops, nicolae_square_shop

Skill      XL: |  1  2  3 |
---------------+----------+-----
Fighting       | 3 4 |  4.1
Long Blades    | |  2.6
Throwing       | |  1.7
Dodging        | |  2.6

Action                     || total
---------------------------++-------
  Melee: Long sword        ||   116
         Great sword       ||    15
 Armour: Leather armour    ||    36
         Ring mail         ||    16
         Scale mail        ||    58
  Dodge: Dodged            ||    67
  Block: Buckler           ||    10

Table legend: (Time is in decaauts)
 A = Elapsed time spent in this place.
 B = Non-inter-level travel time spent in this place.
 C = Inter-level travel time spent in this place.
 D = Time resting spent in this place.
 E = Time spent auto-exploring this place.
 F = Levels seen in this place.
 G = Mean time per level.
                   A        B        C        D        E       F      G
               +--------+--------+--------+--------+--------+-----+--------+
         Total |   2030 |   1943 |     87 |     39 |   1506 |   3 |  676.7 |
       Dungeon |   2030 |   1943 |     87 |     39 |   1506 |   3 |  676.7 |
               +--------+--------+--------+--------+--------+-----+--------+

Top non-repeatable levels by time:
     D:3: 775 daAuts
     D:2: 683 daAuts
     D:1: 571 daAuts
